 Dungeon Crawl Stone Soup version 0.19.1-1-g22dce08 (webtiles) character file.

782 Macro the Sneak (level 8, -5/48 HPs)
             Began as a Halfling Enchanter on Jan 18, 2017.
             Was a Believer of Makhleb.
             Killed by nerve-wracking pain
             ... invoked by an orc priest
              (9 damage)
             ... on level 5 of the Dungeon.
             The game lasted 01:11:24 (4229 turns).

Macro the Sneak (Halfling Enchanter)                Turns: 4229, Time: 01:11:24

Health: -5/48      AC:  5    Str: 10    XL:     8   Next: 11%
Magic:  0/12       EV: 16    Int: 13    God:    Makhleb [**....]
Gold:   347        SH:  0    Dex: 16    Spells: 4 memorised, 4 levels left

rFire  . . .     SeeInvis .     o - +1 dagger (venom)
rCold  . . .     Gourm    .     b - +1 robe
rNeg   . . .     Faith    .     (shield restricted)
rPois  .         Spirit   +     i - +0 helmet
rElec  .         Reflect  .     A - +0 cloak
rCorr  .         Harm     .     (no gloves)
MR     .....                    (no boots)
Stlth  +++.......               p - amulet of guardian spirit
                                (no ring)
                                (no ring)

@: no status effects
A: mutation resistance 1
a: Minor Destruction, Renounce Religion


You were on level 5 of the Dungeon.
You worshipped Makhleb.
Makhleb was pleased with you.
You were hungry.

You visited 1 branch of the dungeon, and saw 5 of its levels.

You collected 347 gold pieces.

Inventory:

Hand Weapons
 a - a +1 dagger
 o - a +1 dagger of venom (weapon)
Missiles
 C - 3 tomahawks of returning (quivered)
Armour
 b - a +1 robe (worn)
 i - a +0 helmet (worn)
 w - a +2 ring mail of magic resistance
 x - a +0 leather armour
 A - a +0 cloak (worn)
Jewellery
 p - an amulet of guardian spirit (around neck)
Wands
 k - a wand of flame (10/48)
 v - a wand of iceblast (8/15)
 z - a wand of disintegration (13/24)
 B - a wand of iceblast (2/15)
 E - a wand of polymorph (16/24)
Scrolls
 j - 3 scrolls of enchant weapon {unknown}
 l - a scroll of blinking {unknown}
 m - 2 scrolls of teleportation
 r - 2 scrolls of recharging {unknown}
 s - a scroll of remove curse
 y - 4 scrolls of amnesia
 D - a scroll of fear {unknown}
Potions
 e - 2 potions of degeneration
 g - a potion of magic
 h - a potion of lignification
 q - a potion of curing
 t - a potion of agility {unknown}
Books
 c - a book of Maledictions

   Spells                             Type                      Level
   a - Corona                         Hexes                        1
   b - Ensorcelled Hibernation        Hexes/Ice                    2
   c - Confuse                        Hexes                        3
   d - Tukima's Dance                 Hexes                        3
   e - Dazzling Spray                 Conjuration/Hexes            3
Comestibles
 d - 8 bread rations
 f - 6 meat rations
 n - 2 beef jerkies
 u - 6 fruits


   Skills:
 + Level 1.4 Fighting
 + Level 3.3 Short Blades
 + Level 0.7 Armour
 + Level 3.7 Dodging
 * Level 5.6 Stealth
 + Level 3.1 Spellcasting
 + Level 4.2 Hexes
 + Level 2.0 Ice Magic


You had 4 spell levels left.
You knew the following spells:

 Your Spells              Type           Power        Failure   Level  Hunger
a - Corona                Hex            ##.....      6%          1    #......
b - Ensorcelled Hibernat  Hex/Ice        ##....       12%         2    ##.....
c - Confuse               Hex            ##......     14%         3    ###....
d - Tukima's Dance        Hex            ##......     14%         3    ###....


Dungeon Overview and Level Annotations

Branches:
Dungeon (5/15)
 Temple: D:4-7

Altars:
Makhleb
Nemelex Xobeh
Trog


Innate Abilities, Weirdness & Mutations

You are small and have problems with some larger weapons.
You are somewhat resistant to further mutation.


Message History

* * * LOW HITPOINT WARNING * * *
Casting: Ensorcelled Hibernation
Confirm with . or Enter, or press ? or * to list all spells.
Aiming: Ensorcelled Hibernation
Press: ? - help, Shift-Dir - straight line, f/p - orc priest
Aim: an orc priest, wielding a club and wearing a chain mail (chance to defeat MR: 41%)
The orc priest resists with some effort.
The orc priest barely misses you.
Casting: Ensorcelled Hibernation
Confirm with . or Enter, or press ? or * to list all spells.
You don't have enough magic to cast that spell.
You see here a leather armour.
The orc priest miscasts a cantrip.
You see here a war axe.
The orc priest mumbles some strange prayers to Beogh against you.
Beogh smites you!
* * * LOW HITPOINT WARNING * * *
The orc priest calls down the wrath of Beogh upon you.
Pain shoots through your body!
You die...

##..#.##.#####..........#
#
##..#.......##...[..###.##
#
...<.....##.##########...#
# ##.......##.# #...# #
##########.# #(..# ####
###.##### #...# #...
#.......# #...# #.##
#...##..######...#####.##
#...##..@.............(##
#........................
#..#(#.......o.......(.##
#.......######...#####...
#......## #...# ####
####.### #...# ... ##o..#
##. ######....####
#..[)........#


You could see an orc priest.

Vanquished Creatures
  A crimson imp (D:4)
  5 orc priests
  3 orc wizards
  A hound (D:4)
  A centaur skeleton (D:4)
  Jessica (D:2)
  Ijyb (D:2)
  Terence (D:3)
  An iguana (D:4)
  6 worker ants
  Robin (D:2)
  4 gnolls
  4 adders
  An adder skeleton (D:4)
  2 worms
  A dart slug (D:2)
  4 leopard geckos
  24 orcs
  2 giant cockroaches
  11 goblins
  8 hobgoblins
  3 jackals
  5 kobolds
  3 quokkas
  5 bats
  8 frilled lizards
  7 rats
114 creatures vanquished.

Notes
Turn   | Place    | Note
-------+----------+-------------------------------------------
     0 | D:1      | Macro the Halfling Enchanter began the quest for the Orb.
     0 | D:1      | Reached XP level 1. HP: 11/11 MP: 3/3
   257 | D:1      | Reached XP level 2. HP: 17/17 MP: 4/4
   261 | D:1      | Learned a level 2 spell: Ensorcelled Hibernation
   647 | D:2      | Noticed Ijyb
   659 | D:2      | Found a faded altar of an unknown god.
   665 | D:2      | Noticed Jessica
   687 | D:2      | Killed Ijyb
   687 | D:2      | Reached skill level 4 in Stealth
   687 | D:2      | Reached XP level 3. HP: 11/21 MP: 5/5
   689 | D:2      | Killed Jessica
   689 | D:2      | Reached XP level 4. HP: 15/27 MP: 5/7
   994 | D:2      | Became a worshipper of Makhleb the Destroyer
   994 | D:2      | Reached * piety under Makhleb
  1159 | D:2      | Noticed Robin
  1174 | D:2      | Killed Robin
  1174 | D:2      | Reached XP level 5. HP: 19/32 MP: 5/8
  1870 | D:3      | Reached ** piety under Makhleb
  1882 | D:3      | Reached XP level 6. HP: 18/37 MP: 1/9
  2048 | D:3      | Noticed Terence
  2075 | D:3      | Killed Terence
  2075 | D:3      | Reached skill level 1 in Ice Magic
  2222 | D:3      | Found a bloodstained altar of Trog.
  2407 | D:3      | Reached skill level 1 in Fighting
  2605 | D:4      | Reached XP level 7. HP: 39/43 MP: 9/11
  2708 | D:4      | Reached skill level 5 in Stealth
  2719 | D:4      | Learned a level 3 spell: Confuse
  2723 | D:4      | Learned a level 3 spell: Tukima's Dance
  3016 | D:4      | Found a bloodstained altar of Trog.
  3349 | D:4      | Found a sparkling altar of Nemelex Xobeh.
  3679 | D:5      | Entered Level 5 of the Dungeon
  3834 | D:5      | Reached XP level 8. HP: 32/48 MP: 12/12
  4219 | D:5      | HP: 2/48 [orc priest/divine providence (13)]
  4229 | D:5      | Killed from afar by an orc priest

Skill      XL: |  1  2  3  4  5  6  7 |
---------------+----------------------+-----
Stealth        | 4 5 |  5.6
Spellcasting   | 2 3 |  3.1
Hexes          | 3 4 |  4.2
Short Blades   | 2 3 |  3.3
Ice Magic      | 1 2 |  2.0
Dodging        | 3 |  3.7
Fighting       | 1 |  1.4
Armour         | |  0.7

Action                   |  1- 3 |  4- 6 |  7- 9 || total
-------------------------+-------+-------+-------++-------
Melee: Dagger            |    37 |   214 |   111 ||   362
 Cast: Corona            |     3 |    21 |     9 ||    33
       Ensorcelled Hiber |     7 |    28 |    31 ||    66
       Tukima's Dance    |       |       |     1 ||     1
  Use: Potion            |     1 |     6 |     1 ||     8
       Scroll            |       |     3 |       ||     3
 Stab: Sleeping          |     7 |    17 |    11 ||    35
  Eat: Chunk             |       |     9 |     7 ||    16
Armor: Robe              |    13 |    22 |    18 ||    53
       Ring mail         |       |     8 |       ||     8
Dodge: Dodged            |    39 |   159 |    69 ||   267
